 Dungeon Crawl Stone Soup version 0.32-a0-132-g2d33c3cfaf (webtiles) character file.

Game seed: 15541131673864693182

27839 mandarbmax the Marksfrog (level 13, -3/88 HPs)
             Began as a Barachi Hunter on Feb 10, 2024.
             Was an Elder of Hepliaklqana.
             Killed by an exploding human (15 damage)
             ... ignited by their inner flame
             ... on level 13 of the Dungeon.
             The game lasted 00:29:25 (10630 turns).

mandarbmax the Marksfrog (Barachi Hunter)          Turns: 10630, Time: 00:29:26

Health: -3/88      AC:  9    Str: 12    XL:     13   Next: 35%
Magic:  16/16      EV: 19    Int: 11    God:    Hepliaklqana [****..]
Gold:   952        SH:  8    Dex: 26    Spells: 12/12 levels left

rFire   + + .        D - +4 hand cannon (heavy)
rCold   + . .        K - +1 buckler {rC+}
rNeg    + . .        n - +3 leather armour {rF+}
rPois   .            (no helmet)
rElec   .            t - scarf of Vutiut {harm, rF+ rN+}
rCorr   .            (no gloves)
SInv    .            A - +1 pair of boots
Will    .....        I - amulet of regeneration
Stlth   ++           g - +4 ring of slaying
HPRegen 1.14/turn    x - +6 ring of dexterity
MPRegen 0.15/turn

%: harm (+30% outgoing, +20% incoming)
@: studying 2 skills, slow
A: reduced essence, amphibious, slowness 1, strong legs 2, +LOS
a: Hop, Renounce Religion, Recall Ancestor, Ancestor Identity, Transference,
Idealise


You were on level 13 of the Dungeon.
You worshipped Hepliaklqana.
Hepliaklqana was greatly pleased with you.
You visited 2 branches of the dungeon, and saw 14 of its levels.
You also visited: Bailey and Ice Cave.

You collected 952 gold pieces.

Inventory:

Hand Weapons
 D - a +4 heavy hand cannon (weapon)
Missiles
 c - a throwing net
Armour
 e - a +0 cloak of poison resistance
 i - a +2 robe of resistance
 n - a +3 leather armour of fire resistance (worn)
 r - the +18 shield of the Gong {Loud rN+ Will+ rCorr EV-5}
   (You found it in an ice cave)

   Loud:      It is deafeningly noisy when blocking attacks.
   EV-5:      It affects your evasion (-5).
   rN+:       It protects you from negative energy.
   Will+:     It increases your willpower.
   rCorr:     It protects you from acid and corrosion.
 t - the scarf of Vutiut (worn) {harm, rF+ rN+}
   (You acquired it in an ice cave)

   rF+:       It protects you from fire.
   rN+:       It protects you from negative energy.
 A - a +1 pair of boots (worn)
 K - a +1 buckler of cold resistance (worn)
 M - a +2 cloak
Jewellery
 g - a +4 ring of slaying (left hand)
 h - a ring of protection from cold
 x - a +6 ring of dexterity (right hand)
 I - an amulet of regeneration (around neck)
 P - an amulet of faith
Wands
 s - a wand of charming (9)
 w - a wand of flame (26)
 E - a wand of light (7)
Scrolls
 f - a scroll of amnesia
 j - a scroll of teleportation
 k - 3 scrolls of blinking
 l - a scroll of noise
 o - 4 scrolls of vulnerability
 y - a scroll of revelation
 z - 2 scrolls of brand weapon
 F - a scroll of fog
 J - 3 scrolls of fear
 L - a scroll of silence
 O - a scroll of summoning
Potions
 a - 2 potions of attraction {unknown}
 b - a potion of heal wounds
 d - 3 potions of berserk rage {unknown}
 p - a potion of brilliance {unknown}
 q - a potion of magic {unknown}
 u - 2 potions of curing
 v - a potion of mutation {unknown}
 B - 3 potions of invisibility
 H - a potion of might {unknown}
 Q - a potion of haste {unknown}
Miscellaneous
 C - a box of beasts
 G - a phial of floods


   Skills:
 - Level 8.0 Fighting
 - Level 18.0 Ranged Weapons
 + Level 10.0 Armour
 + Level 8.8 Dodging
 - Level 0.8 Stealth
 + Level 4.1 Shields
 - Level 5.0 Invocations


You had 12 spell levels left.
You didn't know any spells.
Your spell library contained the following spells:

 Spells                   Type           Power      Damage    Failure   Level
 Slow                     Hex            0%         N/A       52%         1
 Summon Small Mammal      Summ           0%         N/A       52%         1
 Blink                    Tloc           0%         N/A       65%         2
 Lesser Beckoning         Tloc           0%         N/A       65%         2
 Mercury Vapours          Alch/Air       0%         N/A       65%         2
 Momentum Strike          Conj/Tloc      0%         3d8       65%         2
 Call Canine Familiar     Summ           0%         N/A       87%         3
 Confusing Touch          Hex            0%         N/A       87%         3
 Hailstorm                Conj/Ice       0%         3d5       87%         3
 Mephitic Cloud           Conj/Alch/Air  0%         N/A       87%         3
 Ozocubu's Armour         Ice            0%         N/A       87%         3
 Sigil of Binding         Hex            0%         N/A       87%         3
 Summon Ice Beast         Ice/Summ       0%         N/A       87%         3
 Vampiric Draining        Necr           0%         2d6       87%         3
 Animate Dead             Necr           0%         N/A       99%         4
 Summon Blazeheart Golem  Fire/Summ      0%         N/A       99%         4
 Borgnjor's Vile Clutch   Necr/Erth      0%         N/A       100%        5
 Freezing Cloud           Conj/Ice/Air   0%         6-21      100%        5
 Metabolic Englaciation   Hex/Ice        0%         N/A       100%        5
 Death Channel            Necr           0%         N/A       100%        6
 Sculpt Simulacrum        Ice/Alch       0%         N/A       100%        6


Dungeon Overview and Level Annotations

Branches:
Dungeon (13/15)            Temple (1/1) D:5            Lair (0/5) D:8
    Orc (0/2) D:12         Vaults (0/5) D:13         Bailey (visited)
  IceCv (visited)

Altars:
Ashenzari
Cheibriados
Dithmenos
Elyvilon
Fedhas
Gozag
Hepliaklqana
Kikubaaqudgha
Makhleb
Nemelex Xobeh
Okawaru
Qazlal
Ru
Sif Muna
Trog
Uskayaw
Vehumet
Wu Jian
Xom
Yredelemnul
Zin
The Shining One

Shops:
D:7 (

Annotations:
D:13 Nessos, Rupert


Innate Abilities, Weirdness & Mutations

Your life essence is reduced to manifest your ancestor. (-10% HP)
You are amphibious.
You cover ground slowly.
You can hop long distances.
You have an extended range of vision and can be seen from far away.


Message History

The fiery explosion engulfs you! You resist.
The fiery explosion engulfs the human!!
The human explodes!
The fiery explosion engulfs the human!! x2
The fiery explosion engulfs Rupert!!
Flame seeps out of Rupert.
Rupert is moderately wounded.
The human explodes!
The fiery explosion engulfs the human!!
The fiery explosion engulfs Rupert!!
Flame seeps out of Rupert.
Rupert is heavily wounded.
The human explodes!
The fiery explosion engulfs the eight-headed hydra!!
Flame seeps out of the eight-headed hydra.
The eight-headed hydra is moderately wounded.
The human explodes!
The fiery explosion engulfs the human!!!
The fiery explosion engulfs the eight-headed hydra!
Flame seeps out of the eight-headed hydra.
The eight-headed hydra is severely wounded.
The fiery explosion engulfs the human!!!
The fiery explosion engulfs you! You resist.
The human explodes!
The fiery explosion engulfs the human!!
The fiery explosion engulfs the eight-headed hydra!!!
The fiery explosion engulfs you! You resist.
The fiery explosion engulfs the human!!
The human explodes!
Thabo avoids your attack. The fiery explosion engulfs you. You resist.
* * * LOW HITPOINT WARNING * * *
The eight-headed hydra explodes!
The fiery explosion engulfs you! You resist.
* * * LOW HITPOINT WARNING * * *
The fiery explosion engulfs Rupert!!
Flame seeps out of Rupert.
Rupert is severely wounded.
The human explodes! x3
The fiery explosion engulfs Urug!!
Urug explodes!
The human explodes!
Thabo avoids your attack. The fiery explosion engulfs you! You resist.
You die...
Hepliaklqana delivers you to your ancestors.

.... ... .. .....
.....
.....####..#?#
.............#
....$......$.#
.......cpp...#
......§§R§§§.#
.J...§§§§§§§.####
.....§§§@§§§.....
.....§§§§°§§.....
##...§§§§§§......
#...§§§@§.......
#....§§§........
#..$......$.....
#...............
#..########.....
... .....


You could see the friendly Thabo the battlemage (inner flame), Rupert (inner
flame), Nessos (fast, inner flame, ally target), a slime creature and 2 humans.

Vanquished Creatures
  A frost giant (IceCv)
  A hydra (D:13)
  A centaur warrior (D:11)
  5 death yaks (IceCv)
  Urug (D:13)
  Pikel (D:8)
  A cyclops (D:12)
  2 manticores
  An ice statue (IceCv)
  An elephant (D:8)
  A rust devil (D:10)
  A smoke demon (D:10)
  An unseen horror (D:12)
  A kobold demonologist (D:10)
  13 polar bears (IceCv)
  6 trolls
  A hellwing (D:10)
  4 slime creatures (D:12)
  A wyvern (D:8)
  26 yaks
  Eustachio (D:4)
  14 humans (D:13)
  A vampire mosquito (D:12)
  2 steam dragons (D:7)
  5 acid dragons
  3 water moccasins
  7 orc warriors
  A sky beast (D:7)
  4 black bears
  2 ogres
  12 wolves (IceCv)
  4 centaurs
  A lemure (D:8)
  3 kobold brigands
  A gnoll sergeant (D:9)
  A scorpion (D:6)
  16 wights
  6 killer bees (D:9)
  3 howler monkeys
  3 bombardier beetles
  2 jellies
  4 orc priests
  A gnoll bouda (D:7)
  5 hounds
  3 iguanas
  2 sleepcaps (D:7)
  13 orc wizards
  11 adders
  11 gnolls
  3 shadow imps
  3 white imps
  2 ufetubi (D:6)
  4 dart slugs
  A ribbon worm (D:4)
  32 orcs
  12 endoplasms
  4 giant cockroaches
  8 goblins
  4 hobgoblins
  4 jackals (D:1)
  4 quokkas
  5 ball pythons
  A bat (D:2)
  4 frilled lizards (D:1)
  14 kobolds
  9 rats
326 creatures vanquished.

Vanquished Creatures (collateral kills)
  Maurice (D:9)
  A manticore (D:12)
  A kobold demonologist (D:10)
  A komodo dragon (D:10)
  Psyche (D:8)
  A troll (D:11)
  A polar bear (IceCv)
  A hellwing (D:10)
  3 slime creatures (D:12)
  7 yaks
  An orc warrior (Bailey)
  4 wolves (IceCv)
  2 lemures (D:8)
  3 kobold brigands
  6 wights
  A howler monkey (D:8)
  A hound (D:6)
  5 orcs
  5 kobolds
46 creatures vanquished.

Vanquished Creatures (others)
  A sky beast (D:5)
  6 battlemagi
  2 ancestors
9 creatures vanquished.

Grand Total: 381 creatures vanquished

Notes
Turn   | Place    | Note
-------+----------+-------------------------------------------
     0 | D:1      | mandarbmax the Barachi Hunter began the quest for the Orb.
     0 | D:1      | Reached XP level 1. HP: 17/17 MP: 1/1
    59 | D:1      | Reached XP level 2. HP: 23/23 MP: 2/2
  1073 | D:2      | Reached XP level 3. HP: 28/28 MP: 3/3
  1222 | D:2      | Reached skill level 5 in Ranged Weapons
  1467 | D:2      | Reached XP level 4. HP: 16/34 MP: 4/4
  1997 | D:3      | Reached skill level 6 in Ranged Weapons
  2369 | D:3      | Reached XP level 5. HP: 29/39 MP: 5/5
  2578 | D:4      | Noticed Eustachio
  2716 | D:4      | Reached skill level 7 in Ranged Weapons
  2716 | D:4      | Reached XP level 6. HP: 46/46 MP: 6/6
  3010 | D:4      | Killed Eustachio
  3011 | D:4      | Reached skill level 8 in Ranged Weapons
  3011 | D:4      | Reached XP level 7. HP: 19/51 MP: 7/7
  3220 | D:4      | Found a snail-covered altar of Cheibriados.
  3270 | D:5      | Entered Level 5 of the Dungeon
  3270 | D:5      | Found a staircase to the Ecumenical Temple.
  3282 | Temple   | Entered the Ecumenical Temple
  3312 | Temple   | Became a worshipper of Hepliaklqana the Forgotten
  3635 | D:5      | Reached skill level 9 in Ranged Weapons
  3804 | D:5      | Found a shimmering blue altar of Sif Muna.
  3819 | D:5      | Reached XP level 8. HP: 30/57 MP: 8/8
  4025 | D:5      | Reached skill level 10 in Ranged Weapons
  4938 | D:6      | Reached XP level 9. HP: 52/66 MP: 9/9
  4983 | D:6      | Reached * piety under Hepliaklqana
  5133 | D:6      | Reached skill level 5 in Fighting
  5133 | D:6      | Reached skill level 11 in Ranged Weapons
  5480 | D:7      | Reached skill level 12 in Ranged Weapons
  5623 | D:7      | Found a blossoming altar of Fedhas.
  5660 | D:7      | Found Mefyn's Antique Weapon Emporium.
  5735 | D:7      | You fall into a shaft and drop 2 floors!
  5737 | D:9      | Identified the +1 scale mail of the Majestic God {-Tele
                  | Harm Rampage rC+}
  5779 | D:9      | Reached skill level 13 in Ranged Weapons
  5977 | D:9      | Found a radiant altar of Vehumet.
  6053 | D:9      | Reached XP level 10. HP: 57/66 MP: 10/10
  6101 | D:9      | Reached ** piety under Hepliaklqana
  6102 | D:9      | Remembered your ancestor Thabo as a battlemage
  6146 | D:8      | Found a shimmering altar of Xom.
  6162 | D:8      | Noticed Pikel
  6169 | D:8      | Killed Pikel
  6170 | D:8      | Reached skill level 14 in Ranged Weapons
  6221 | D:8      | Found a white marble altar of Elyvilon.
  6221 | D:8      | Found an opulent altar of Gozag.
  6242 | D:8      | Found a shadowy altar of Dithmenos.
  6243 | D:8      | Found a basalt altar of Yredelemnul.
  6245 | D:8      | Noticed Psyche
  6254 | D:8      | Found a stormy altar of Qazlal.
  6258 | D:8      | Killed Psyche
  6271 | D:8      | Found a flagged portal.
  6306 | Bailey   | Entered a bailey
  6406 | Bailey   | Found the +9 staff of Olgreb {rPois∞}
  6418 | Bailey   | Reached skill level 15 in Ranged Weapons
  6420 | Bailey   | Found a bloodstained altar of Trog.
  6494 | Bailey   | Identified the +0 bardiche "Poudi" {flame, rF+ Will+ SInv}
  6536 | D:8      | Identified the +7 hand axe "Wiowk" {antimagic, *Rage rF+
                  | rN+ Int+8}
  6553 | D:8      | Noticed an elephant
  6563 | D:8      | Killed an elephant
  6612 | D:8      | Found a staircase to the Lair.
  6697 | D:8      | Found a glowing golden altar of the Shining One.
  6700 | D:8      | Found a sacrificial altar of Ru.
  6873 | D:9      | Noticed Maurice
  6878 | D:9      | Killed Maurice
  6881 | D:9      | Reached XP level 11. HP: 71/71 MP: 5/11
  6885 | D:9      | Reached skill level 16 in Ranged Weapons
  7513 | D:9      | Found an ancient bone altar of Kikubaaqudgha.
  7530 | D:9      | Reached *** piety under Hepliaklqana
  7762 | D:10     | Entered Level 10 of the Dungeon
  7903 | D:10     | Reached skill level 1 in Invocations
  8281 | D:10     | Reached skill level 5 in Dodging
  8612 | D:11     | Found a frozen archway.
  8624 | IceCv    | Entered an ice cave
  8657 | IceCv    | Reached skill level 1 in Armour
  8663 | IceCv    | Reached XP level 12. HP: 66/81 MP: 14/14
  8664 | IceCv    | Reached skill level 17 in Ranged Weapons
  8777 | IceCv    | Identified a scroll of acquirement
  8778 | IceCv    | Acquired the scarf of Vutiut {harm, rF+ rN+}
  8914 | IceCv    | Noticed a death yak
  8914 | IceCv    | Noticed a frost giant
  8914 | IceCv    | Noticed a death yak
  8915 | IceCv    | Noticed a death yak
  8918 | IceCv    | Killed a death yak
  8918 | IceCv    | Killed a death yak
  8919 | IceCv    | Reached skill level 5 in Armour
  8919 | IceCv    | Killed a frost giant
  8919 | IceCv    | Killed a death yak
  9065 | IceCv    | Identified the staff "Keungu" {rC+ Dex+3 Ice}
  9157 | IceCv    | Noticed a death yak
  9157 | IceCv    | Noticed a death yak
  9161 | IceCv    | Killed a death yak
  9163 | IceCv    | Killed a death yak
  9164 | IceCv    | Reached skill level 5 in Invocations
  9277 | IceCv    | Found the +18 shield of the Gong {Loud rN+ Will+ rCorr
                  | EV-5}
  9332 | IceCv    | Reached skill level 1 in Shields
  9507 | D:11     | Gained mutation: You can hop long distances. [Barachi
                  | growth]
  9507 | D:11     | Reached XP level 13. HP: 88/88 MP: 16/16
  9567 | D:11     | Reached **** piety under Hepliaklqana
  9755 | D:11     | Reached skill level 18 in Ranged Weapons
 10182 | D:12     | Found a staircase to the Orcish Mines.
 10306 | D:12     | Reached skill level 10 in Armour
 10627 | D:13     | Noticed Nessos
 10627 | D:13     | Noticed Urug
 10627 | D:13     | Noticed Rupert
 10627 | D:13     | Found a gate to the Vaults.
 10630 | D:13     | Killed Urug
 10630 | D:13     | Killed by an exploding human... ignited by their inner
                  | flame

Illustrated notes

Levels and vault maps discovered:
D:1:      sevenhm_arrival_forest_fort_large_4, layout_basic
D:2:      layout_loops_cross, due_unseen_surprise
D:3:      layout_rooms
D:4:      layout_rooms, kennysheep_slug_shrine, serial_glass, glass_columns_c,
          glass_columns_a, minivault_19, minmay_manual_monstrance,
          uniq_eustachio
D:5:      layout_basic, hellmonk_sif_muna_bookshelves, temple_pool_b
D:6:      layout_loops_cross, minivault_23
D:7:      layout_basic, mainiacjoe_overflow_tiny_flanked, serial_shops, shop
D:8:      layout_rooms, nicolae_overflow_hidden_temple,
          grunt_temple_overflow_cloverleaf, grunt_temple_overflow_open,
          david_lair_generic, enter_bailey_2, uniq_psyche, uniq_pikel
D:9:      layout_irregular_city, nicolae_vehumet_radiance, old_standard_altar,
          uniq_maurice
D:10:     layout_basic, nicolae_where_there's_smoke
D:11:     layout_irregular_city, portal_ice_cave_entry_pillars_1,
          kennysheep_generic_room_6
D:12:     layout_roguey, orc_0_dummy, kennysheep_opposing_triangles
D:13:     layout_small_grid, david_vaults_3
Temple:   grunt_temple_mini_profane

Skill      XL: |  1  2  3  4  5  6  7  8  9 10 11 12 13 |
---------------+----------------------------------------+-----
Ranged Weapons | 5 6 7 8 9 10 13 15 16 17 18 | 18.0
Fighting       | 4 5 7 8 |  8.0
Dodging        | 4 6 7 8 |  8.8
Invocations    | 3 5 |  5.0
Armour         | 2 7 10 | 10.0
Shields        | 1 4 |  4.1
Stealth        | |  0.8

Action                     |  1- 3 |  4- 6 |  7- 9 | 10-12 | 13-15 || total
---------------------------+-------+-------+-------+-------+-------++-------
   Fire: Shortbow          |    92 |   206 |    87 |       |       ||   385
         Orcbow            |       |       |   185 |   107 |       ||   292
         Hand cannon       |       |       |       |   191 |    45 ||   236
 Invoke: Recall Ancestor   |       |       |     2 |     1 |       ||     3
         Ancestor Life: Ba |       |       |       |     1 |       ||     1
Ability: Hop               |       |     2 |     1 |       |       ||     3
    Use: Potion            |     2 |     5 |     1 |     1 |       ||     9
         Scroll            |       |     3 |     7 |    12 |     5 ||    27
 Armour: Leather armour    |    18 |    91 |    75 |   104 |    18 ||   306
         Scale mail        |       |       |    12 |       |       ||    12
  Dodge: Dodged            |    22 |    94 |    51 |   103 |     3 ||   273
  Block: Kite shield       |       |       |       |     7 |       ||     7
         Buckler           |       |       |       |       |     4 ||     4

Table legend: (Time is in decaauts)
 A = Elapsed time spent in this place.
 B = Non-inter-level travel time spent in this place.
 C = Inter-level travel time spent in this place.
 D = Time resting spent in this place.
 E = Time spent auto-exploring this place.
 F = Levels seen in this place.
 G = Mean time per level.
                   A        B        C        D        E       F      G
               +--------+--------+--------+--------+--------+-----+--------+
         Total |  12099 |  11534 |    565 |   1211 |   8138 |  16 |  756.2 |
       Dungeon |  10802 |  10296 |    506 |    932 |   7563 |  13 |  830.9 |
        Temple |     64 |      5 |     59 |      0 |      0 |   1 |   64.0 |
        Bailey |    240 |    240 |      0 |     32 |    138 |   1 |  240.0 |
      Ice Cave |    992 |    992 |      0 |    247 |    436 |   1 |  992.0 |
               +--------+--------+--------+--------+--------+-----+--------+

Top non-repeatable levels by time:
     D:1: 1274 daAuts
     D:6: 1184 daAuts
     D:5: 1141 daAuts
     D:9: 1008 daAuts
   IceCv: 992 daAuts
     D:2: 925 daAuts
    D:10: 879 daAuts
     D:3: 832 daAuts
     D:7: 805 daAuts
    D:11: 743 daAuts
     D:4: 720 daAuts
    D:12: 701 daAuts
     D:8: 580 daAuts
  Bailey: 240 daAuts
  Temple: 64 daAuts
